 Dungeon Crawl Stone Soup version 0.25.1-4-g9407a263a5 (webtiles) character file.

Game seed: 9968657443222585090

187 Clowwww the Chopper (level 5, -2/42 HPs)
             Began as a Demonspawn Berserker on Nov 29, 2020.
             Was a Believer of Trog.
             Slain by an orc priest (5 damage)
             ... on level 3 of the Dungeon.
             The game lasted 00:07:15 (2924 turns).

Clowwww the Chopper (Demonspawn Berserker)          Turns: 2924, Time: 00:07:15

Health: -2/42      AC:  2    Str: 19    XL:     5   Next: 39%
Magic:  5/5        EV: 12    Int:  8    God:    Trog [**....]
Gold:   93         SH:  0    Dex: 12    Spells: 4/4 levels left

rFire    . . .     SeeInvis .   a - +0 hand axe
rCold    . . .     Gourm    .   (no shield)
rNeg     . . .     Faith    .   b - +0 animal skin
rPois    .         Spirit   .   (no helmet)
rElec    .         Reflect  .   (no cloak)
rCorr    .         Harm     .   (no gloves)
MR       ++...                  (no boots)
Stlth    ++++......             (no amulet)
HPRegen  1.14/turn              (no ring)
MPRegen  0.09/turn              (no ring)

@: regenerating
A: nightstalker 2
a: Berserk, Trog's Hand, Renounce Religion


You were on level 3 of the Dungeon.
You worshipped Trog.
Trog was pleased with you.
You were near starving.

You visited 1 branch of the dungeon, and saw 3 of its levels.

You collected 93 gold pieces.

Inventory:

Hand Weapons
 a - a +0 hand axe (weapon)
Missiles
 h - 2 boomerangs (quivered)
Armour
 b - a +0 animal skin (worn)
Jewellery
 l - an uncursed amulet of magic regeneration {unknown}
Scrolls
 i - 2 scrolls of remove curse {unknown}
 j - a scroll of blinking {unknown}
 k - 2 scrolls of random uselessness {unknown}
 n - a scroll of magic mapping {unknown}
Potions
 d - a potion of curing {unknown}
 e - a potion of flight {unknown}
 f - a potion of berserk rage {unknown}
 g - a potion of haste {unknown}
 o - a potion of ambrosia {unknown}
Comestibles
 c - 3 rations


   Skills:
 + Level 3.7 Fighting
 + Level 4.0 Axes
 + Level 1.9 Throwing
 + Level 1.9 Armour
 + Level 2.3 Dodging
 + Level 1.4 Stealth


You had 4 spell levels left.
You didn't know any spells.
Your spell library was empty.

Dungeon Overview and Level Annotations

Branches:
Dungeon (3/15)

Altars:
Gozag
Kikubaaqudgha
Nemelex Xobeh
The Shining One


Innate Abilities, Weirdness & Mutations

You are significantly more attuned to the shadows.


Message History

The orc priest hits you.
* * * LOW HITPOINT WARNING * * *
You barely miss the orc priest.
The orc priest is severely wounded.
The orc priest closely misses you.
You barely miss the orc priest.
The orc priest is severely wounded.
The orc priest hits you.
* * * LOW HITPOINT WARNING * * *
You hit the orc priest but do no damage.
The orc priest is severely wounded.
The orc priest hits you.
* * * LOW HITPOINT WARNING * * *
Your skin crawls.
You feel resistant to hostile enchantments.
You feel somewhat more hungry. The orc priest closely misses you.
You closely miss the orc priest.
The orc priest is severely wounded.
The orc priest hits you.
You die...

.. ####. ##... ...
##+###o# .#..##
##...##@# ..... #
#...<.#.# #..# .#
#........#####.o##.##
.....................
..............)).#
.........####...##
#.......## ##.##
#.....## ### ...#


You could see an orc priest.

Vanquished Creatures
  An orc wizard (D:3)
  Terence (D:2)
  Natasha (twice) (D:2)
  2 adders (D:2)
  2 oozes (D:1)
  A worm (D:2)
  A dart slug (D:1)
  4 leopard geckos
  An orc (D:3)
  5 giant cockroaches
  7 goblins
  6 hobgoblins
  3 jackals (D:1)
  A quokka (D:2)
  4 bats
  A frilled lizard (D:2)
  3 kobolds
  3 rats
48 creatures vanquished.

Vanquished Creatures (others)
  An orc (D:3)
1 creature vanquished.

Grand Total: 49 creatures vanquished

Notes
Turn   | Place    | Note
-------+----------+-------------------------------------------
     0 | D:1      | Clowwww the Demonspawn Berserker began the quest for the
                  | Orb.
     0 | D:1      | Reached XP level 1. HP: 18/18 MP: 1/1
   140 | D:1      | Reached skill level 3 in Axes
   140 | D:1      | Gained mutation: You are slightly more attuned to the
                  | shadows. [demonic ancestry]
   140 | D:1      | Reached XP level 2. HP: 11/24 MP: 2/2
   846 | D:1      | Reached XP level 3. HP: 25/29 MP: 3/3
   954 | D:1      | Reached ** piety under Trog
  1352 | D:2      | Found a sparkling altar of Nemelex Xobeh.
  1539 | D:2      | Noticed Terence
  1547 | D:2      | Killed Terence
  1547 | D:2      | Reached XP level 4. HP: 35/35 MP: 4/4
  1676 | D:2      | Reached skill level 1 in Stealth
  1996 | D:2      | Reached skill level 1 in Throwing
  2099 | D:2      | Noticed Natasha
  2109 | D:2      | Killed Natasha
  2384 | D:2      | Found an ancient bone altar of Kikubaaqudgha.
  2384 | D:2      | Found a glowing golden altar of the Shining One.
  2385 | D:2      | Found an opulent altar of Gozag.
  2443 | D:2      | Noticed Natasha
  2456 | D:2      | HP: 2/54 [Natasha (3)]
  2458 | D:2      | Killed Natasha
  2458 | D:2      | Gained mutation: You are significantly more attuned to the
                  | shadows. [demonic ancestry]
  2458 | D:2      | Reached XP level 5. HP: 3/42 MP: 5/5
  2778 | D:3      | Reached skill level 4 in Axes
  2922 | D:3      | HP: 1/42 [orc priest (3)]
  2924 | D:3      | Slain by an orc priest

Illustrated notes

Levels and vault maps discovered:
D:1:      lightli_arrival_isolated_outpost, layout_basic
D:2:      layout_loops_ring, nemelex_xobeh_ov_fountains_minmay,
          gammafunk_temple_overflow_forgotten, first_ration, st_stairs_6,
          minmay_vboxes, uniq_natasha, uniq_terence
D:3:      layout_loops_corners, grunt_qazlal_clouds

Skill      XL: |  1  2  3  4  5 |
---------------+----------------+-----
Axes           | 3 4 |  4.0
Dodging        | 2 |  2.3
Stealth        | 1 |  1.4
Throwing       | 1 |  1.9
Fighting       | |  3.7
Armour         | |  1.9

Action                   |  1- 3 |  4- 6 || total
-------------------------+-------+-------++-------
Melee: Hand axe          |    92 |    62 ||   154
Throw: Boomerang         |    24 |    30 ||    54
Invok: Berserk           |       |     2 ||     2
       Trog's Hand       |       |     1 ||     1
 Stab: Sleeping          |     4 |     1 ||     5
  Eat: Chunk             |     2 |     4 ||     6
Armor: Animal skin       |    16 |    10 ||    26
Dodge: Dodged            |    40 |    33 ||    73
